Match 47261265
Unlisted

Match 47261265
End
Selects Airborne Battlegroup
Selects Heavy Machine Gun Paradrop
Heavy Machine Gun Paradrop
Construct Weapon Support Center
Bazooka Squad
Heavy Machine Gun Paradrop
Bazooka Squad
Improved M9 Bazooka Rockets
Infantry Support Center
Selects Paratrooper Squad Paradrop
Heavy Machine Gun Paradrop
M3 Armored Personnel Carrier
Heavy Machine Gun Paradrop
Advanced Logistics
Paratrooper Squad Paradrop
Paratrooper Squad Paradrop
Boneless
GrilledPotato
squashy
Nele
0
0

Comments sign in to comment!

No comments posted yet!